Map: Prion Terraces

Players

LilDicky

  • Race: Terran Terran
  • League: Diamond

Maltese - Winner!

  • Race: Protoss Protoss
  • League: Diamond

VOD

http://www.twitch.tv/tumescentpie

Description

Time

  • Played on: Nov. 25, 2015, 8:02 p.m.
  • Length: 8:01
Show
View Real Time Build Order
Export as new Build Order

LilDicky Terran 

Build Orders: MMM Bio 

Get SALT Encoding   

  12  0:01  SCV  
  13  0:13  SCV  
  14  0:17  Supply Depot  
  14  0:25  SCV  
  15  0:32  Refinery  
  15  0:39  SCV  
  16  0:46  Barracks  
  16  0:52  SCV  
  18  1:04  SCV  
  18  1:16  SCV  
  19  1:29  SCV  
  20  1:35  Factory  
  20  1:37  Marine  
  21  1:40  Supply Depot  
  21  1:41  Orbital Command  
  21  1:54  Marine  
  22  2:05  Barracks  
  22  2:06  SCV  
  23  2:10  Barracks  
  23  2:18  SCV  
  24  2:30  Barracks Reactor, SCV, Supply Depot  
  24  2:33  Refinery  
  24  2:35  Widow Mine  
  27  2:54  Barracks Tech Lab  
  27  2:57  Barracks Tech Lab  
  27  2:58  SCV  
  28  3:01  Supply Depot  
  27  3:15  Stimpack  
  27  3:18  Marine x2  
  27  3:19  Marine x2  
  31  3:21  Combat Shields  
  31  3:24  Supply Depot  
  31  3:35  SCV  
  31  3:37  Marauder x2  
  36  3:46  Marine  
  36  3:47  SCV, Marine  
  39  3:55  Widow Mine  
  39  3:58  Marine  
  39  4:00  Starport  
  39  4:02  SCV  
  43  4:06  Marine  
  43  4:07  Marine  
  45  4:13  Supply Depot  
  45  4:20  SCV  
  46  4:34  Marauder, Marine x2  
  46  4:35  Marauder  
  50  4:42  Medivac  
  50  4:45  SCV  
  51  4:56  Marauder x2  
  55  5:05  Marine  
  55  5:06  Concussive Shells  
  56  5:08  SCV  
  56  5:12  Medivac  
  59  5:17  Marauder  
  59  5:40  Supply Depot  
  59  5:42  Medivac  
  57  6:04  Marauder, Marine x2  
  55  6:05  Marauder  
  61  6:12  Medivac  
  52  6:35  Marine x2  
  52  6:36  Marauder x2  
  58  6:43  SCV  
  59  6:53  Marine x2  
  61  6:55  SCV  
  61  6:56  Marine  
  61  6:57  Marine  
  61  6:59  Command Center  
  64  7:10  Marine  
Show
View Real Time Build Order
Export as new Build Order

Maltese Protoss - Winner!

Build Orders: Nexus First 

Get SALT Encoding   

  12  0:01  Probe (Chrono Boost)  
  13  0:11  Probe (Chrono Boost)  
  14  0:17  Pylon  
  14  0:22  Probe (Chrono Boost)  
  15  0:35  Probe (Chrono Boost)  
  16  0:46  Probe (Chrono Boost)  
  17  0:59  Nexus  
  17  1:02  Probe (Chrono Boost)  
  18  1:12  Gateway  
  18  1:14  Probe (Chrono Boost)  
  19  1:23  Assimilator  
  19  1:25  Probe (Chrono Boost)  
  20  1:29  Assimilator  
  20  1:35  Probe (Chrono Boost)  
  21  1:46  Probe (Chrono Boost)  
  22  1:48  Gateway  
  22  1:56  Probe (Chrono Boost)  
  22  1:59  Cybernetics Core  
  23  2:10  Probe, Zealot (Chrono Boost)  
  26  2:17  Probe  
  26  2:22  Probe  
  28  2:27  Probe  
  29  2:36  Adept x2 (Chrono Boost)  
  33  2:37  Warp Gate  
  32  3:00  Stalker x2 (Chrono Boost)  
  34  3:16  Probe  
  36  3:20  Pylon  
  36  3:24  Robotics Facility  
  36  3:26  Pylon  
  36  3:28  Mothership Core, Probe  
  38  3:40  Probe  
  39  3:44  Assimilator  
  39  3:49  Probe  
  39  3:50  Gateway, Pylon  
  39  3:52  Probe  
  41  4:01  Probe  
  42  4:04  Probe  
  43  4:13  Stalker (Chrono Boost), Probe  
  43  4:16  Observer (Chrono Boost)  
  45  4:38  Probe  
  45  4:39  Probe  
  47  4:53  Pylon  
  47  4:55  Pylon  
  47  4:59  Observer (Chrono Boost)  
  48  5:00  Gateway  
  48  5:03  Gateway, Probe x2  
  49  5:15  Probe x2  
  49  5:19  Adept x3  
  55  5:42  Stalker x3  
  61  5:45  Probe x2  
  63  5:51  Observer (Chrono Boost)  
  62  5:59  Mothership Core (Chrono Boost)  
  64  6:06  Immortal  
  68  6:15  Assimilator  
  68  6:16  Zealot x3  
  68  6:17  Zealot x2  
  62  6:26  Zealot x3  
  62  6:38  Mothership Core (Chrono Boost)  
  65  6:40  Immortal, Probe (Chrono Boost)  
  65  6:46  Pylon  
  69  6:48  Pylon  
  69  6:52  Probe (Chrono Boost)  
  70  6:54  Pylon  
  70  6:56  Pylon  
  70  7:03  Twilight Council  
  70  7:05  Pylon  
  70  7:08  Zealot x4  
  72  7:14  Zealot  
  72  7:28  Stalker  
  72  7:29  Stalker x3  
  78  7:43  Zealot  
  80  7:53  Zealot x3  
  80  7:54  Zealot  
Tags
 
Add a new tag
Caveats
  • Supply blocks, unpowered buildings, or Contaminate may cause inaccurate times.
  • Supply counts are checked every 10 seconds.